 Dungeon Crawl Stone Soup version 0.24.0-123-gd5b16e6ec5 (webtiles) character file.

Game seed: 9296759106348253567, levelgen mode: deterministic

875 McKennaii the Zephyrmancer (level 8, -2/43 HPs)
             Began as a Tengu Air Elementalist on Dec 18, 2019.
             Slain by a steam dragon (7 damage)
             ... on level 7 of the Dungeon.
             The game lasted 00:14:21 (5654 turns).

McKennaii the Zephyrmancer (Tengu Air Elementalist) Turns: 5654, Time: 00:14:23

Health: -2/43      AC:  0    Str: 13    XL:     8   Next: 4%
Magic:  10/15      EV: 13    Int: 22    God:
Gold:   199        SH:  0    Dex: 18    Spells: 7/15 levels left

rFire    . . .     SeeInvis .   h - +0 short sword (venom)
rCold    . . .     Gourm    .   (no shield)
rNeg     . . .     Faith    .   a - +1 robe
rPois    .         Spirit   .   (helmet restricted)
rElec    +         Reflect  .   (no cloak)
rCorr    .         Harm     .   (no gloves)
MR       .....                  (boots unavailable)
Stlth    ++++......             n - amulet of regeneration
HPRegen  0.54/turn              q - ring of flight (curse)
MPRegen  0.14/turn              d - ring "Usagrik" {rElec AC-3 Str+3 Stlth+} (curse)

@: brilliant
A: beak, talons 3, thin skeletal structure 1, agile 1, able to fly
a: Fly, Evoke Flight


You were on level 7 of the Dungeon.
You were hungry.

You visited 1 branch of the dungeon, and saw 6 of its levels.

You collected 199 gold pieces.

Inventory:

Hand Weapons
 h - a +0 short sword of venom (weapon)
Armour
 a - a +1 robe (worn)
Jewellery
 d - the cursed ring "Usagrik" (right hand) {rElec AC-3 Str+3 Stlth+}
   (You found it on level 5 of the Dungeon)

   [ring of protection]

   It affects your AC (-3).
   It affects your strength (+3).
   It insulates you from electricity.
   It makes you more stealthy.
   It has a curse placed upon it.
 n - an amulet of regeneration (around neck)
 q - a cursed ring of flight (left hand)
Wands
 s - a wand of polymorph (5)
Scrolls
 b - 2 scrolls of remove curse
 j - 3 scrolls of teleportation
 k - 4 scrolls of identify
 m - a scroll of blinking {unknown}
 r - 4 scrolls of enchant armour
 t - a scroll of fear {unknown}
Potions
 f - a potion of degeneration {unknown}
 g - a potion of brilliance
 i - a potion of agility {unknown}
 l - a potion of invisibility {unknown}
 o - a potion of haste {unknown}
 p - a potion of magic
 u - a potion of curing {unknown}
Comestibles
 c - 6 rations


   Skills:
 + Level 1.1 Fighting
 + Level 0.4 Short Blades
 + Level 2.7 Dodging
 + Level 2.7 Stealth
 + Level 4.4 Spellcasting
 + Level 4.3 Conjurations
 * Level 9.1 Air Magic


You had 7 spell levels left.
You knew the following spells:

 Your Spells              Type           Power        Failure   Level  Hunger
a - Shock                 Conj/Air       ####         1%          1    None
b - Swiftness             Chrm/Air       #####...     1%          2    #......
c - Lightning Bolt        Conj/Air       #####.....   2%          5    ######.

Your spell library contained the following spells:

 Spells                   Type           Power        Failure   Level  Hunger
 Static Discharge         Conj/Air       #####...     1%          3    ##.....
 Airstrike                Air            ######....   1%          4    ####...


Dungeon Overview and Level Annotations

Branches:
Dungeon (5/15)
 Temple: D:4-7

Altars:
Cheibriados
Okawaru
Wu Jian
Xom
Zin


Innate Abilities, Weirdness & Mutations

You have a beak for a mouth.
You have claws for feet.
You can fly continuously.
You have a somewhat thin skeletal structure. (Dex +2, Stealth)
You are agile. (Dex +2)


Message History

The steam dragon breathes steam at you. The ball of steam hits you!
* * * LOW HITPOINT WARNING * * *
It was a potion of brilliance.
You feel clever all of a sudden.
It was a potion of mutation.
You feel extremely strange.
You feel agile.
Your bones become slightly less dense.
It was a potion of magic.
Magic courses through your body.
Casting: Lightning Bolt (safe; 2% risk of failure)
Confirm with . or Enter, or press ? or * to list all spells.
Aiming: Lightning Bolt (safe; 2% risk of failure)
Press: ? - help, Shift-Dir - straight line, p - steam dragon You hear a mighty clap of thunder!
The bolt of lightning hits the steam dragon.
The steam dragon is moderately wounded.
You are feeling hungry.
You hear a shout!
You hear an angry hiss.
You hear a croak.
You hear an angry hiss.
The steam dragon bites you!
You die...

#... ....§.. ### ##..#
....§..
...##...###.§..§..
........##D§......
#.......§.###....
##.....### . #####
##...§.## #...##
#....§D.#####
##....###.....@.....####
#.....##...............##
#.....#.................#
#..........#............#
#.........##.##........##
##.......##..###......##
###
#......##......#....##
###.# #
##......#..##.......##
##...### ##.........#
####.....###.....##


You could see a steam dragon.

Vanquished Creatures
  A hungry ghost (D:2)
  A phantom (D:5)
  An ogre (D:5)
  A hound (D:4)
  3 orc priests
  5 worker ants
  Natasha (twice) (D:4)
  2 orc wizards
  2 worker ant zombies (D:5)
  A gnoll (D:2)
  7 adders
  2 shadow imps (D:5)
  An ooze (D:2)
  3 adder skeletons (D:4)
  A worm (D:2)
  3 dart slugs
  5 leopard geckos
  18 orcs
  2 ball pythons
  8 bats
  4 giant cockroaches
  2 goblins (D:2)
  A hobgoblin (D:3)
  16 jackals
  9 kobolds
  5 frilled lizards
  4 rats
110 creatures vanquished.

Notes
Turn   | Place    | Note
-------+----------+-------------------------------------------
     0 | D:1      | McKennaii the Tengu Air Elementalist began the quest for
                  | the Orb.
     0 | D:1      | Reached XP level 1. HP: 10/10 MP: 4/4
   467 | D:1      | Reached XP level 2. HP: 15/15 MP: 3/6
  1220 | D:2      | Found a glowing silver altar of Zin.
  1238 | D:2      | Reached skill level 5 in Air Magic
  1238 | D:2      | Reached XP level 3. HP: 19/19 MP: 1/7
  1334 | D:2      | Found an iron altar of Okawaru.
  1700 | D:2      | Noticed a hungry ghost
  1772 | D:2      | Killed a hungry ghost
  1772 | D:2      | Reached skill level 6 in Air Magic
  1772 | D:2      | Reached XP level 4. HP: 22/24 MP: 0/9
  1772 | D:2      | Gained mutation: You can fly continuously. [Tengu growth]
  1772 | D:2      | Reached XP level 5. HP: 26/28 MP: 0/10
  2714 | D:3      | Found an ornate altar of the Wu Jian Council.
  2906 | D:3      | Found a shimmering altar of Xom.
  2915 | D:3      | Reached XP level 6. HP: 32/32 MP: 5/11
  2927 | D:3      | Reached skill level 7 in Air Magic
  3574 | D:3      | Found a snail-covered altar of Cheibriados.
  4168 | D:4      | Reached XP level 7. HP: 36/36 MP: 5/13
  4239 | D:4      | Learned a level 2 spell: Swiftness
  4245 | D:4      | Learned a level 5 spell: Lightning Bolt
  4311 | D:4      | Noticed Natasha
  4315 | D:4      | Killed Natasha
  4386 | D:4      | Reached skill level 8 in Air Magic
  4627 | D:4      | Noticed Natasha
  4634 | D:4      | Killed Natasha
  4713 | D:4      | Reached skill level 1 in Fighting
  4907 | D:5      | Entered Level 5 of the Dungeon
  5256 | D:5      | Reached skill level 9 in Air Magic
  5256 | D:5      | Reached XP level 8. HP: 43/43 MP: 7/15
  5379 | D:5      | Got a transparent jade ring
  5384 | D:5      | Identified the cursed ring "Usagrik" {rElec AC-3 Str+3
                  | Stlth+} (You found it on level 5 of the Dungeon)
  5453 | D:5      | You fall into a shaft and drop 2 floors!
  5648 | D:7      | HP: 2/43 [something/ball of steam (10)]
  5651 | D:7      | Gained mutation: You are agile. (Dex +2) [potion of
                  | mutation]
  5651 | D:7      | Gained mutation: You have a somewhat thin skeletal
                  | structure. (Dex +2, Stealth) [potion of mutation]
  5654 | D:7      | Slain by a steam dragon

Levels and vault maps discovered:
D:1:      lemuel_arrival_cross, layout_loops_corners
D:2:      layout_basic, overflow_temple_1_default, lemuel_round_altar,
          first_ration, minmay_tetromino_o2
D:3:      layout_basic, overflow_temple_1_default, kennysheep_slug_shrine,
          old_standard_altar
D:4:      layout_loops_ring, uniq_natasha
D:5:      layout_rooms, minivault_19, uniq_grinder
D:7:      cheibrodos_barr_body, layout_cave_pods

Skill      XL: |  1  2  3  4  5  6  7 |
---------------+----------------------+-----
Air Magic      | 5 6 7 9 |  9.1
Spellcasting   | 3 4 |  4.4
Conjurations   | 2 3 4 |  4.3
Fighting       | 1 |  1.1
Short Blades   | |  0.4
Dodging        | |  2.7
Stealth        | |  2.7

Action                   |  1- 3 |  4- 6 |  7- 9 || total
-------------------------+-------+-------+-------++-------
Melee: Unarmed           |     3 |       |       ||     3
       Short sword       |    18 |       |     5 ||    23
       Kick              |     4 |       |       ||     4
       Peck              |     1 |       |       ||     1
 Cast: Shock             |    69 |   111 |   106 ||   286
       Lightning Bolt    |       |       |     2 ||     2
Evoke: Wand              |       |       |     1 ||     1
  Use: Potion            |     1 |       |     4 ||     5
       Scroll            |       |     2 |     3 ||     5
  Eat: Chunk             |     4 |     8 |     5 ||    17
       Ration            |     1 |       |       ||     1
Armor: Robe              |     4 |     3 |     1 ||     8
Dodge: Dodged            |    23 |    14 |    14 ||    51
